 Dungeon Crawl Stone Soup version 0.23.2-30-g0e89c35649 (webtiles) character file.

Game seed: 18115435212047460319

78 HASTUR3 the Magician (level 3, 0/26 HPs)
             Began as a Demigod Wizard on June 20, 2019.
             Slain by a hound (1 damage)
             ... on level 2 of the Dungeon.
             The game lasted 00:08:49 (1657 turns).

HASTUR3 the Magician (Demigod Wizard)               Turns: 1657, Time: 00:08:50

Health: 0/26       AC:  2    Str: 12    XL:     3   Next: 94%
Magic:  0/9        EV: 12    Int: 22    God:
Gold:   74         SH:  0    Dex: 14    Spells: 4/7 levels left

rFire    . . .     SeeInvis .   f - +0 halberd
rCold    . . .     Gourm    .   (shield currently unavailable)
rNeg     . . .     Faith    .   a - +0 robe
rPois    .         Spirit   .   b - +0 hat
rElec    .         Reflect  .   (no cloak)
rCorr    .         Harm     +   (no gloves)
MR       .....                  (no boots)
Stlth    +++.......             h - amulet of harm
HPRegen  0.08/turn              g - ring of stealth
MPRegen  0.11/turn              (no ring)

@: no status effects
A: high mp 1
a: no special abilities


You were on level 2 of the Dungeon.
You were hungry.

You visited 1 branch of the dungeon, and saw 2 of its levels.

You collected 74 gold pieces.

Inventory:

Hand Weapons
 f - a +0 halberd (weapon)
Armour
 a - a +0 robe (worn)
 b - a +0 hat (worn)
Jewellery
 g - a ring of stealth (left hand)
 h - an amulet of harm (around neck)
Wands
 o - a wand of digging (6)
Scrolls
 c - 2 scrolls of identify {unknown}
 k - a scroll of teleportation {unknown}
 m - a scroll of fear {unknown}
 q - a scroll of remove curse {unknown}
Potions
 e - 2 potions of heal wounds {unknown}
 i - a potion of might {unknown}
 j - 2 potions of degeneration {unknown}
 l - a potion of resistance {unknown}
 p - a potion of berserk rage {unknown}
 r - a potion of curing {unknown}
Comestibles
 d - 2 rations
 n - 3 chunks of flesh


   Skills:
 - Level 1.7 Dodging
 - Level 1.7 Stealth
 - Level 2.6 Spellcasting
 + Level 2.6 Conjurations
   Level 0.8 Summonings
 * Level 2.6 Translocations


You had 4 spell levels left.
You knew the following spells:

 Your Spells              Type           Power        Failure   Level  Hunger
a - Magic Dart            Conj           ##..         4%          1    None
b - Blink                 Tloc           N/A          7%          2    ##.....

Your spell library contained the following spells:

 Spells                   Type           Power        Failure   Level  Hunger
 Call Imp                 Summ           #.......     14%         2    ##.....
 Slow                     Hex            #.......     19%         2    ##.....
 Conjure Flame            Conj/Fire      #.......     22%         3    ###....
 Mephitic Cloud           Conj/Pois/Air  #.......     26%         3    ###....


Dungeon Overview and Level Annotations

Branches:
Dungeon (2/15)


Innate Abilities, Weirdness & Mutations

You have an increased reservoir of magic. (+10% MP)


Message History

You barely miss the hound.
The hound is almost dead.
The hound bites you. The hound bites you but does no damage.
The hound bites you.
You closely miss the hound.
The hound is severely wounded.
The hound closely misses you. The hound bites you.
* * * LOW HITPOINT WARNING * * *
You hit the hound.
The hound is almost dead.
The hound closely misses you. x3
Casting: Blink (safe; 7% risk of failure)
Confirm with . or Enter, or press ? or * to list all spells.
Aiming: Magic Dart (safe; 4% risk of failure)
Press: ? - help, Shift-Dir - straight line, f/p - hound
Aim: a hound (almost dead)
The magic dart hits the hound.
The hound is almost dead.
The hound bites you.
You die...

##..####.##.....##.#.#######
...................#.#
##.>####...........#.#
##.#######......#.#.#
###.#..............#.#
....#.####.#+#+#####.#
.####......#.#.......# .#
#......#.........#
.####..[..##.#.h@....#
..........+..<..#....#
.....#....##..#.#....#
.....#..................
................########
...........#.....
........)..#.....
.....#.#####...... .....#.#
..


You could see a hound.

Vanquished Creatures
  2 gnolls (D:1)
  2 adders (D:2)
  An ooze (D:1)
  2 ball pythons (D:1)
  5 giant cockroaches (D:1)
  4 hobgoblins (D:1)
  5 kobolds
  7 bats (D:1)
  2 frilled lizards (D:1)
  5 goblins
  2 rats (D:1)
37 creatures vanquished.

Notes
Turn   | Place    | Note
-------+----------+-------------------------------------------
     0 | D:1      | HASTUR3 the Demigod Wizard began the quest for the Orb.
     0 | D:1      | Reached XP level 1. HP: 14/14 MP: 6/6
    28 | D:1      | Reached skill level 1 in Conjurations
   237 | D:1      | Reached XP level 2. HP: 17/20 MP: 4/8
   241 | D:1      | Learned a level 2 spell: Blink
   248 | D:1      | Reached skill level 1 in Translocations
   796 | D:1      | Reached XP level 3. HP: 26/26 MP: 4/9
  1654 | D:2      | HP: 1/26 [hound (7)]
  1657 | D:2      | Slain by a hound

Skill      XL: |  1  2 |
---------------+-------+-----
Conjurations   | 2 |  2.6
Translocations | 2 |  2.6
Dodging        | |  1.7
Stealth        | |  1.7
Spellcasting   | |  2.6
Summonings     | |  0.8

Action                   || total
-------------------------++-------
Melee: Club              ||    17
       Halberd           ||    30
 Cast: Magic Dart        ||    71
       Blink             ||     7
  Use: Potion            ||     2
 Stab: Sleeping          ||     3
  Eat: Chunk             ||     2
Armor: Robe              ||     4
Dodge: Dodged            ||    48
